Map: Overgrowth LE (Void)

Players

VampyWorm

  • Race: Protoss Protoss
  • League: Master
  • Spawn Location: 7:00

PvP - Winner!

  • Race: Protoss Protoss
  • League: Master
  • Spawn Location: 1:00

VOD

Have the link to the VOD?

Description

rekt - saltcraft

Time

  • Played on: Jan. 21, 2017, 7:09 p.m.
  • Length: 6:12
Show
View Real Time Build Order
Export as new Build Order

VampyWorm Protoss 

Build Orders:  

Get SALT Encoding   

  12  0:01  Probe (Chrono Boost)  
  13  0:11  Probe (Chrono Boost)  
  14  0:17  Pylon  
  14  0:22  Probe (Chrono Boost)  
  16  0:35  Probe (Chrono Boost)  
  16  0:43  Gateway  
  16  0:45  Assimilator  
  16  0:49  Probe (Chrono Boost)  
  17  1:00  Gateway  
  17  1:03  Assimilator  
  17  1:07  Probe (Chrono Boost)  
  18  1:18  Probe (Chrono Boost)  
  19  1:29  Probe (Chrono Boost)  
  20  1:33  Cybernetics Core  
  20  1:38  Pylon  
  20  1:45  Probe (Chrono Boost)  
  21  1:56  Probe (Chrono Boost)  
  22  2:05  Warp Gate  
  22  2:07  Stalker x2  
  26  2:17  Probe (Chrono Boost)  
  26  2:35  Stalker x2  
  28  2:41  Pylon  
  30  2:57  Twilight Council  
  30  3:02  Mothership Core (Chrono Boost)  
  32  3:14  Robotics Facility  
  32  3:22  Probe (Chrono Boost)  
  30  3:34  Probe (Chrono Boost)  
  30  3:59  Probe (Chrono Boost)  
  30  4:01  Blink  
  29  4:07  Stalker x2  
  32  4:11  Probe (Chrono Boost), Observer  
  33  4:22  Nexus  
  33  4:31  Pylon  
  33  4:37  Stalker  
  35  4:46  Stalker  
  37  4:55  Probe (Chrono Boost)  
  32  5:07  Probe (Chrono Boost)  
  32  5:10  Observer  
  32  5:12  Stalker  
  35  5:17  Probe (Chrono Boost)  
  35  5:18  Stalker  
Show
View Real Time Build Order
Export as new Build Order

PvP Protoss - Winner!

Build Orders: Oracle Opening 

Get SALT Encoding   

  12  0:01  Probe (Chrono Boost)  
  13  0:11  Probe (Chrono Boost)  
  14  0:18  Pylon  
  14  0:22  Probe (Chrono Boost)  
  15  0:36  Probe (Chrono Boost)  
  15  0:37  Gateway  
  16  0:46  Probe (Chrono Boost)  
  16  0:47  Assimilator  
  17  0:53  Assimilator  
  18  0:57  Probe (Chrono Boost)  
  18  1:07  Probe (Chrono Boost)  
  19  1:15  Pylon  
  19  1:18  Probe (Chrono Boost)  
  20  1:24  Cybernetics Core  
  20  1:28  Probe (Chrono Boost)  
  21  1:39  Probe (Chrono Boost)  
  22  1:50  Probe (Chrono Boost)  
  23  1:56  Pylon  
  23  1:57  Warp Gate, Stalker  
  27  2:03  Mothership Core (Chrono Boost)  
  27  2:27  Stalker  
  29  2:33  Stargate  
  29  2:42  Gateway  
  29  2:43  Gateway  
  29  2:56  Stalker  
  31  3:10  Pylon  
  29  3:16  Oracle  
  32  3:37  Probe (Chrono Boost)  
  33  3:47  Pylon  
  34  3:49  Probe (Chrono Boost)  
  31  4:00  Oracle  
  31  4:02  Stalker x2  
  32  4:03  Stalker  
  39  4:12  Pylon  
  40  4:18  Probe (Chrono Boost)  
  40  4:26  Stalker x2  
  44  4:35  Stalker  
  46  5:00  Stalker  
  46  5:01  Stalker  
  47  5:08  Stalker  
  47  5:32  Stalker x3  
  47  5:49  Probe (Chrono Boost)  
  47  5:56  Nexus  
  47  5:58  Pylon  
Tags
 
Add a new tag
Caveats
  • Supply blocks, unpowered buildings, or Contaminate may cause inaccurate times.
  • Supply counts are checked every 10 seconds.